 Dungeon Crawl Stone Soup version 0.30-a0-42-g806c11bf1d (webtiles) character file.

Game seed: 11009240219848172476

3456 robertstho the Grappler (level 9, -31/87 HPs)
             Began as a Troll Berserker on Aug 30, 2022.
             Was a High Priest of Trog.
             Annihilated by a two-headed ogre
             ... wielding a +0 giant club
              (35 damage)
             ... on level 8 of the Dungeon.
             The game lasted 00:09:00 (4772 turns).

robertstho the Grappler (Troll Berserker)           Turns: 4772, Time: 00:09:01

Health: -31/87     AC:  5    Str: 27    XL:     9   Next: 78%
Magic:  8/8        EV: 11    Int:  5    God:    Trog [*****.]
Gold:   507        SH:  0    Dex: 11    Spells: 8/8 levels left

rFire   + . .      SeeInvis .      - Unarmed
rCold   . . .      Faith    .    (no shield)
rNeg    . . .      Spirit   .    q - +1 animal skin
rPois   +          Reflect  .    (helmet restricted)
rElec   .          Harm     .    (no cloak)
rCorr   .          Rampage  .    (gloves unavailable)
Will    .....                    (boots unavailable)
Stlth   ++........               p - amulet of regeneration
HPRegen 1.84/turn                C - ring of poison resistance
MPRegen 0.11/turn                h - ring of protection from fire

@: no status effects
A: large, unfitting armour, claws 3, regeneration 1, shaggy fur 1, tough skin 1
a: Renounce Religion, Berserk, Trog's Hand, Brothers in Arms


You were on level 8 of the Dungeon.
You worshipped Trog.
Trog was extremely pleased with you.
You visited 1 branch of the dungeon, and saw 8 of its levels.
You also visited: Sewer.

You collected 507 gold pieces.

Inventory:

Armour
 a - a +0 animal skin
 q - a +1 animal skin (worn)
Jewellery
 h - a ring of protection from fire (right claw)
 l - a ring of willpower
 p - an amulet of regeneration (around neck)
 C - a ring of poison resistance (left claw)
Wands
 n - a wand of flame (6)
Scrolls
 c - 2 scrolls of magic mapping
 f - a scroll of vulnerability {unknown}
 o - 2 scrolls of teleportation
 s - a scroll of fear {unknown}
 t - a scroll of enchant weapon {unknown}
 v - a scroll of brand weapon {unknown}
 y - a scroll of poison {unknown}
 z - a scroll of immolation
 B - a scroll of identify
Potions
 b - 4 potions of cancellation {unknown}
 d - 4 potions of attraction {unknown}
 e - 2 potions of berserk rage
 g - 3 potions of heal wounds {unknown}
 i - a potion of degeneration {unknown}
 j - a potion of haste {unknown}
 k - 6 potions of curing
 m - a potion of magic {unknown}
 r - 2 potions of mutation
 u - 2 potions of might {unknown}
 w - a potion of flight {unknown}
 x - 2 potions of ambrosia {unknown}
 A - a potion of resistance {unknown}
 D - a potion of lignification {unknown}


   Skills:
 * Level 4.8 Fighting
 + Level 4.8 Dodging
 + Level 1.4 Stealth
 * Level 12.1 Unarmed Combat


You had 8 spell levels left.
You didn't know any spells.
Your spell library was empty.

Dungeon Overview and Level Annotations

Branches:
Dungeon (8/15)             Temple (0/1) D:5           Sewer (visited)
   Lair: D:8-11

Altars:
Fedhas
Makhleb
Qazlal
Ru
Uskayaw
Xom
Zin

Shops:
D:1 [   D:5 (   D:7 *

Annotations:
D:1 Good armour store


Innate Abilities, Weirdness & Mutations

You are too large for most types of armour.
You have claws for hands.
Your natural rate of healing is unusually fast.
You are covered in fur. (AC +1)
You have tough skin. (AC +1)


Message History

You kill the howler monkey!
Trog accepts your kill.
You mangle the two-headed ogre!!
The two-headed ogre is moderately wounded.
The two-headed ogre closely misses you. x2
You claw the two-headed ogre!
The two-headed ogre is heavily wounded.
You scratch the two-headed ogre.
The two-headed ogre is heavily wounded.
The two-headed ogre hits you with a +0 giant club!
The two-headed ogre barely misses you.
You claw the two-headed ogre!
The two-headed ogre is severely wounded.
You scratch the two-headed ogre.
The two-headed ogre is severely wounded.
The two-headed ogre hits you with a +0 giant club! x2
You barely miss the two-headed ogre.
The two-headed ogre is severely wounded.
You barely miss the two-headed ogre.
The two-headed ogre is severely wounded.
The two-headed ogre hits you with a +0 giant club!! x2
* * * LOW HITPOINT WARNING * * *
You are too injured to fight recklessly!
You are too injured to fight recklessly!
You are too injured to fight recklessly!
You are too injured to fight recklessly!
You are too injured to fight recklessly!
You are too injured to fight recklessly!
You are too injured to fight recklessly!
You are too injured to fight recklessly!
You are too injured to fight recklessly!
You are too injured to fight recklessly!
Okay, then.
Okay, then.
You barely miss the two-headed ogre.
The two-headed ogre is severely wounded.
You claw the two-headed ogre!
The two-headed ogre is almost dead.
The two-headed ogre hits you with a +0 giant club!!
You die...

........##.............
...##...##.≈≈≈≈≈≈≈§≈...
##...#.≈.....§.≈...
##....≈..§≈≈≈§≈...
##....≈.≈.§.≈§≈...
##..#..≈.≈._.≈.≈...
.##......≈.§.§.≈.≈..
..........≈.≈§≈≈
####....@.≈.....
#.....#O≈.≈≈≈≈
.......#.......
................
................
###.........#... #..#!.
...##.. #####. ...# ..


You could see a two-headed ogre.

Vanquished Creatures
  The ghost of ytrimaz the Insei, an amateur OpTm (D:4)
  Sigmund (D:3)
  A steam dragon (D:7)
  Menkaure (D:4)
  Duvessa (D:4)
  3 water moccasins
  Pargi (Sewer)
  A hornet zombie (D:4)
  A black bear (D:6)
  A sky beast (D:7)
  An ogre (D:5)
  3 centaurs
  A kobold brigand (D:6)
  A bullfrog (D:7)
  2 scorpions
  2 gnoll sergeants (D:8)
  2 necrophages
  4 wights (D:8)
  Dowan (D:4)
  A howler monkey (D:8)
  A bullfrog skeleton (D:4)
  3 orc priests
  9 hounds
  A jelly (D:5)
  A gnoll bouda (D:8)
  Terence (D:3)
  2 iguanas
  Ijyb (D:4)
  An orc wizard (D:5)
  Robin (D:3)
  20 gnolls
  4 adders
  3 shadow imps
  3 worms
  4 dart slugs
  24 orcs
  6 ball pythons
  7 endoplasms
  3 giant cockroaches
  15 goblins
  8 hobgoblins
  6 jackals
  6 quokkas
  6 bats
  2 frilled lizards (D:1)
  13 kobolds
  5 rats
186 creatures vanquished.

Vanquished Creatures (others)
  27 plants (D:3)
27 creatures vanquished.

Grand Total: 213 creatures vanquished

Notes
Turn   | Place    | Note
-------+----------+-------------------------------------------
     0 | D:1      | robertstho the Troll Berserker began the quest for the Orb.
     0 | D:1      | Reached XP level 1. HP: 22/22 MP: 0/0
   110 | D:1      | Reached XP level 2. HP: 29/29 MP: 1/1
   278 | D:1      | Found Ruppa's Armour Shop.
   301 | D:1      | Reached ** piety under Trog
   305 | D:1      | Reached XP level 3. HP: 36/36 MP: 2/2
   641 | D:2      | Reached skill level 4 in Unarmed Combat
   646 | D:2      | Reached XP level 4. HP: 37/44 MP: 3/3
   772 | D:2      | Found a sacrificial altar of Ru.
  1120 | D:3      | Reached XP level 5. HP: 53/53 MP: 4/4
  1139 | D:3      | Noticed Robin
  1169 | D:3      | Killed Robin
  1236 | D:3      | Reached *** piety under Trog
  1534 | D:3      | Found a stormy altar of Qazlal.
  1546 | D:3      | Noticed Terence
  1561 | D:3      | Killed Terence
  1562 | D:3      | Reached skill level 5 in Unarmed Combat
  1684 | D:3      | Found a faded altar of an unknown god.
  1736 | D:3      | Noticed Sigmund
  1744 | D:3      | Killed Sigmund
  1745 | D:3      | Reached skill level 6 in Unarmed Combat
  1745 | D:3      | Reached XP level 6. HP: 61/61 MP: 5/5
  1938 | D:3      | Found a shimmering altar of Xom.
  2054 | D:4      | Found a glowing drain.
  2074 | Sewer    | Entered a sewer
  2100 | Sewer    | Noticed Pargi
  2106 | Sewer    | Killed Pargi
  2224 | D:4      | Reached XP level 7. HP: 41/67 MP: 6/6
  2279 | D:4      | Noticed Duvessa
  2279 | D:4      | Noticed Dowan
  2287 | D:4      | Noticed Ijyb
  2293 | D:4      | Killed Duvessa
  2294 | D:4      | Reached skill level 7 in Unarmed Combat
  2297 | D:4      | Noticed Menkaure
  2298 | D:4      | Killed Dowan
  2311 | D:4      | Killed Ijyb
  2314 | D:4      | Killed Menkaure
  2456 | D:4      | Reached skill level 8 in Unarmed Combat
  2611 | D:4      | Found a runed translucent gate.
  2611 | D:4      | Found a runed translucent gate.
  2611 | D:4      | Found a runed translucent gate.
  2612 | D:4      | Noticed ytrimaz's ghost (amateur OpTm)
  2784 | D:4      | Killed ytrimaz's ghost
  2785 | D:4      | Reached skill level 1 in Stealth
  2785 | D:4      | Reached XP level 8. HP: 78/78 MP: 7/7
  2868 | D:5      | Entered Level 5 of the Dungeon
  2871 | D:5      | Found a burning altar of Makhleb.
  3030 | D:5      | Found a staircase to the Ecumenical Temple.
  3075 | D:5      | Reached skill level 9 in Unarmed Combat
  3094 | D:5      | Reached **** piety under Trog
  3115 | D:5      | Found a glowing silver altar of Zin.
  3234 | D:5      | Found Wiuhajau's Firing Range.
  3503 | D:6      | Reached skill level 10 in Unarmed Combat
  3619 | D:6      | Reached XP level 9. HP: 58/84 MP: 8/8
  4187 | D:7      | Reached skill level 11 in Unarmed Combat
  4197 | D:7      | Found a hide-covered altar of Uskayaw.
  4407 | D:7      | Found Woocobla's Island Escapes.
  4646 | D:8      | Reached ***** piety under Trog
  4725 | D:8      | Found a blossoming altar of Fedhas.
  4731 | D:8      | Reached skill level 12 in Unarmed Combat
  4759 | D:8      | Noticed a two-headed ogre
  4770 | D:8      | HP: 1/87 [two-headed ogre/+0 giant club (27)]
  4772 | D:8      | Annihilated by a two-headed ogre

Illustrated notes

Levels and vault maps discovered:
D:1:      evilmike_arrival_crescent, layout_rooms, serial_shops, shop_fountains
D:2:      layout_rooms, basic_altar, minmay_stone_trees_small,
          minmay_tiny_reverse_x
D:3:      layout_basic, amcnicky_altar_gilded, xom_teletrap_fun, serial_bayou,
          serial_bayou_lake_a, serial_bayou_crossing, serial_bayou_pond_c,
          serial_bayou_shore_b, hellmonk_ecumenical_altar_inner_sanctum,
          uniq_sigmund, uniq_terence, uniq_robin
D:4:      layout_gridville, cheibrodos_sewer_entry_drain,
          gammafunk_ghost_necromancy, minmay_door_square, minivault_24,
          uniq_menkaure, uniq_duvessa, uniq_ijyb
D:5:      nicolae_cairo_tiling_very_big, layout_cave_pools,
          mainiacjoe_overflow_brackets, general_overflow_altar, temple_green,
          nicolae_shop_firing_range
D:6:      layout_cave_pools, grunt_ministairs_5, nrook_mini_backslash
D:7:      layout_basic, mainiacjoe_overflow_small_starburst,
          nicolae_island_escapes
D:8:      layout_cave_pools, mainiacjoe_overflow_concentric_impassable,
          minitemple, serial_gnoll_camp, gnoll_camp_mini_basic,
          gnoll_camp_medium_02, gnoll_camp_medium_01, gnoll_camp_mini_hut,
          gnoll_camp_huts_basic

Skill      XL: |  1  2  3  4  5  6  7  8  9 |
---------------+----------------------------+-----
Unarmed Combat | 4 6 8 10 12 | 12.1
Dodging        | 3 4 |  4.8
Fighting       | 3 4 |  4.8
Stealth        | 1 |  1.4

Action                   |  1- 3 |  4- 6 |  7- 9 || total
-------------------------+-------+-------+-------++-------
Melee: Unarmed           |    71 |   144 |   259 ||   474
       Punch             |     1 |     1 |     8 ||    10
Invok: Berserk           |     1 |     5 |     3 ||     9
  Use: Scroll            |       |     4 |     1 ||     5
 Stab: Distracted        |       |     1 |       ||     1
       Sleeping          |       |       |     1 ||     1
Armor: Animal skin       |    28 |    45 |    58 ||   131
Dodge: Dodged            |    40 |    54 |   131 ||   225

Table legend: (Time is in decaauts)
 A = Elapsed time spent in this place.
 B = Non-inter-level travel time spent in this place.
 C = Inter-level travel time spent in this place.
 D = Time resting spent in this place.
 E = Time spent auto-exploring this place.
 F = Levels seen in this place.
 G = Mean time per level.
                   A        B        C        D        E       F      G
               +--------+--------+--------+--------+--------+-----+--------+
         Total |   4809 |   4563 |    246 |     94 |   3450 |   9 |  534.3 |
       Dungeon |   4706 |   4460 |    246 |     84 |   3436 |   8 |  588.2 |
         Sewer |    102 |    102 |      0 |     10 |     14 |   1 |  102.0 |
               +--------+--------+--------+--------+--------+-----+--------+

Top non-repeatable levels by time:
     D:3: 1113 daAuts
     D:4: 742 daAuts
     D:6: 645 daAuts
     D:1: 553 daAuts
     D:5: 532 daAuts
     D:7: 503 daAuts
     D:2: 426 daAuts
     D:8: 189 daAuts
   Sewer: 102 daAuts
